 Dungeon Crawl Stone Soup version 0.25.1-2-g60ff931df9 (webtiles) character file.

Game seed: 8003101637088662765

123 raphialitos the Shield-Bearer (level 5, -3/42 HPs)
             Began as a Formicid Fighter on Oct 26, 2020.
             Was an Initiate of Gozag.
             Killed by divine providence
             ... invoked by an orc priest
              (11 damage)
             ... on level 3 of the Dungeon.
             The game lasted 00:05:12 (2223 turns).

raphialitos the Shield-Bearer (Formicid Fighter)    Turns: 2223, Time: 00:05:12

Health: -3/42      AC:  7    Str: 22    XL:     5   Next: 28%
Magic:  5/5        EV:  8    Int:  7    God:    Gozag
Gold:   137        SH:  9    Dex: 10    Spells: 3/4 levels left

rFire    . . .     SeeInvis +   a - +1 quarterstaff
rCold    . . .     Gourm    .   c - +0 kite shield
rNeg     . . .     Faith    .   b - +0 scale mail
rPois    .         Spirit   .   (helmet unavailable)
rElec    .         Reflect  .   (no cloak)
rCorr    .         Harm     .   (no gloves)
MR       .....                  (no boots)
Stlth    ..........             (no amulet)
HPRegen  0.14/turn              (no ring)
MPRegen  0.09/turn              (no ring)

@: no status effects
A: permanent stasis, dig shafts and tunnels, four strong arms, antennae 3
a: Dig, Shaft Self, Potion Petition, Call Merchant, Bribe Branch, Renounce
Religion


You were on level 3 of the Dungeon.
You worshipped Gozag.
Gozag was aware of your devotion.
You were hungry.

You visited 1 branch of the dungeon, and saw 3 of its levels.

You collected 185 gold pieces.
You paid 48 gold pieces to Gozag.

Inventory:

Hand Weapons
 a - a +1 quarterstaff (weapon)
Missiles
 g - 3 boomerangs
 k - 67 arrows
 l - 24 sling bullets
 q - 23 poisoned darts (quivered)
Armour
 b - a +0 scale mail (worn)
 c - a +0 kite shield (worn)
Wands
 r - a wand of digging (8)
Scrolls
 h - a scroll of amnesia {unknown}
 m - 2 scrolls of magic mapping
 p - a scroll of fear
Potions
 d - a potion of might
 e - a potion of brilliance
 n - 2 potions of resistance
 o - a potion of stabbing
 s - a potion of mutation {unknown}
Comestibles
 f - 7 rations


   Skills:
 + Level 3.9 Fighting
 + Level 3.3 Staves
 + Level 4.0 Armour
 + Level 0.6 Dodging
 + Level 4.4 Shields
 + Level 0.1 Spellcasting


You had 3 spell levels left.
You knew the following spells:

 Your Spells              Type           Power        Failure   Level  Hunger
a - Corona                Hex            #......      97%         1    ##.....

Your spell library contained the following spells:

 Spells                   Type           Power        Failure   Level  Hunger
 Ensorcelled Hibernation  Hex/Ice        #.....       99%         2    ###....
 Confusing Touch          Hex            #.......     100%        3    ####...
 Dazzling Flash           Conj/Hex       #.....       100%        3    ####...
 Tukima's Dance           Hex            #.......     100%        3    ####...


Dungeon Overview and Level Annotations

Branches:
Dungeon (3/15)

Altars:
Cheibriados
Fedhas
Gozag


Innate Abilities, Weirdness & Mutations

You cannot be hasted, slowed, berserked, paralysed or teleported.
You can dig through walls and to a lower floor.
Your four strong arms can wield two-handed weapons with a shield.
You have a pair of large antennae on your head. (SInv)


Message History

Found a stone staircase leading down.
You hit the orc.
The orc is lightly wounded.
You block the orc's attack.
You are feeling hungry.
You closely miss the orc.
The orc is lightly wounded.
The orc priest mumbles some strange prayers to Beogh against you.
Beogh smites you! The orc closely misses you.
The orc priest invokes the aid of Beogh against you.
Beogh smites you!
* * * LOW HITPOINT WARNING * * *
Okay, then.
You block the orc's attack.
A hobgoblin comes into view. It is wielding a +0 club.
The hobgoblin shouts!
You hear a bark!
The orc priest invokes the aid of Beogh against you.
Beogh smites you!
You die...
Your body crumbles into a pile of gold.

#.########
#.g....@.#########
.....###oo.......#
.# #.# #r........#
.# #...o.....# .#
#..#o###### .#
###..o.##########.#
>......oo{{{{.......
.........o.#.......#
.###....##o#.####..#


You could see 3 orc priests, 5 orcs, a hobgoblin and a rat.

Vanquished Creatures
  An orc wizard (D:3)
  3 adders (D:3)
  3 oozes
  3 dart slugs
  A worm (D:2)
  A leopard gecko (D:1)
  2 orcs (D:3)
  7 bats
  2 giant cockroaches
  3 goblins
  6 hobgoblins
  2 quokkas
  2 frilled lizards
  7 kobolds
  5 rats
48 creatures vanquished.

Notes
Turn   | Place    | Note
-------+----------+-------------------------------------------
     0 | D:1      | raphialitos the Formicid Fighter began the quest for the
                  | Orb.
     0 | D:1      | Reached XP level 1. HP: 18/18 MP: 1/1
   143 | D:1      | Reached XP level 2. HP: 21/24 MP: 2/2
   638 | D:1      | Reached XP level 3. HP: 14/30 MP: 3/3
   949 | D:2      | Found a blossoming altar of Fedhas.
  1715 | D:3      | Learned a level 1 spell: Corona
  1719 | D:3      | Reached XP level 4. HP: 35/37 MP: 4/4
  1926 | D:3      | Reached XP level 5. HP: 36/42 MP: 5/5
  1962 | D:3      | Found an opulent altar of Gozag.
  1976 | D:3      | Became a worshipper of Gozag Ym Sagoz the Greedy
  2153 | D:3      | Found a snail-covered altar of Cheibriados.
  2223 | D:3      | Killed from afar by an orc priest

Illustrated notes

Levels and vault maps discovered:
D:1:      lightli_arrival_farm, layout_rooms
D:2:      layout_rooms, fedhas_altar_4, hex_medium
D:3:      layout_basic, marbit_many_paths, old_standard_altar, first_ration

Skill      XL: |  1  2  3  4 |
---------------+-------------+-----
Shields        | 4 |  4.4
Staves         | 3 |  3.3
Armour         | 4 |  4.0
Fighting       | |  3.9
Dodging        | |  0.6
Spellcasting   | |  0.1

Action                   |  1- 3 |  4- 6 || total
-------------------------+-------+-------++-------
Melee: Quarterstaff      |    91 |    47 ||   138
  Use: Scroll            |    10 |       ||    10
  Eat: Chunk             |     2 |     2 ||     4
Armor: Scale mail        |    43 |    16 ||    59
Dodge: Dodged            |    38 |    20 ||    58
Block: Kite shield       |    71 |    23 ||    94
